 Dungeon Crawl Stone Soup version 0.19-a0-1553-g64c24c3 (webtiles) character file.

118388 GameOver the Blocker (level 16, 0/138 HPs)
             Began as a Naga Wizard on Sept 14, 2016.
             Was the Champion of Okawaru.
             Killed from afar by a crystal guardian (32 damage)
             ... with a crystal bolt
             ... in the Desolation of Salt.
             The game lasted 05:22:22 (23784 turns).

GameOver the Blocker (Naga Wizard)                 Turns: 23784, Time: 05:22:22

Health: 0/138      AC: 26    Str: 14    XL:     16   Next: 76%
Magic:  25/38      EV: 23    Int: 28    God:    Okawaru [******]
Gold:   933        SH: 21    Dex: 18    Spells: 7 memorised, 12 levels left

rFire  . . .     SeeInvis +     U - +1 demon blade (elec)
rCold  . . .     Gourm    .     R - +0 troll leather armour
rNeg   + . .     Faith    .     e - +0 large shield {rN+}
rPois  +         Spirit   .     H - +2 helmet {Int+3}
rElec  .         Dismiss  .     m - +2 cloak
rCorr  .         Reflect  +     N - +2 pair of gloves {Dex+3}
MR     +++..     Harm     .     c - +1 naga barding {Stlth+}
Stlth  +++++++++.               l - +2 amulet of reflection
                                t - ring of magical power
                                I - +4 ring of strength

@: agile, heroism, finesse, repel missiles, very slow
A: see invisible, deformed body, magic resistance 1, poison resistance, slowness
2, slow metabolism 1, spit poison 2, constrict 1, AC +5
a: Breathe Poison Gas, Heroism, Finesse, Renounce Religion


You were in the Desolation of Salt.
You worshipped Okawaru.
Okawaru was exalted by your worship.
You were not hungry.

You visited 5 branches of the dungeon, and saw 22 of its levels.
You also visited: Ossuary and Desolation.

You collected 2117 gold pieces.
You spent 1184 gold pieces at shops.

Inventory:

Hand Weapons
 j - the +7 lajatang of Wistith {slice, *Contam +Fly rC+ Str+9}
   (You took it off a servant of whispers in the Desolation of Salt)

   It inflicts extra damage upon your enemies.
   It affects your strength (+9).
   It protects you from cold.
   It lets you fly.
   It causes magical contamination when unequipped.
 k - a +4 rapier of holy wrath
 q - a +4 dagger of chaos
 w - a +3 scimitar of freezing
 G - a +1 long sword of electrocution
 K - the +9 arbalest of Tenacity {elec, rF- rN+++ Str-3 Dex+8}
   (Okawaru gifted it to you on level 5 of the Lair of Beasts)

   It charges the ammunition it shoots with electricity; occasionally upon a
   hit, such missiles may discharge and cause terrible harm.
   It affects your strength (-3).
   It affects your dexterity (+8).
   It makes you vulnerable to fire.
   It renders you almost immune to negative energy.
 M - the +6 shillelagh "Devastator" {shatter}
   (You found it in the Desolation of Salt)
 U - a +1 demon blade of electrocution (weapon)
Missiles
 d - 53 bolts
 i - a throwing net (quivered)
Armour
 c - a +1 naga barding of stealth (worn)
 e - a +0 large shield of positive energy (worn)
 f - a +0 shield of protection
 m - a +2 cloak (worn)
 F - a +2 scale mail of fire resistance
 H - a +2 helmet of intelligence (worn)
 N - a +2 pair of gloves of dexterity (worn)
 R - a +0 troll leather armour (worn)
 V - the +3 leather armour of Teekeis {rPois rC+ Dex+2, unknown}
   (You took it off an imperial myrmidon in the Desolation of Salt)

   It affects your dexterity (+2).
   It protects you from cold.
   It protects you from poison.
 W - a +2 fire dragon armour
Jewellery
 l - a +2 amulet of reflection (around neck)
 r - an uncursed ring of resist corrosion
 t - a ring of magical power (right hand)
 u - an uncursed amulet of the gourmand
 D - the amulet of Vaigh {Gourm rN+ MR+ Slay-2}
   (You took it off an imperial myrmidon in the Desolation of Salt)

   [amulet of the gourmand]

   It allows you to eat raw meat even when not hungry.
   It affects your accuracy and damage with ranged weapons and melee attacks
   (-2).
   It protects you from negative energy.
   It affects your resistance to hostile enchantments.
 I - a +4 ring of strength (left hand)
Wands
 o - a wand of digging (12/24)
 p - a wand of iceblast (6/15)
 C - a wand of lightning (7/15)
Scrolls
 a - a scroll of magic mapping
 x - 7 scrolls of fear
 y - a scroll of enchant weapon {unknown}
 z - 2 scrolls of immolation {unknown}
 B - a scroll of blinking
 E - 2 scrolls of teleportation
Potions
 g - 2 potions of flight
 s - 4 potions of curing
 v - a potion of might
 J - a potion of cancellation
 T - 3 potions of haste
Books
 b - Wohe Zam's Disquisition on Weightlessness and Black Secrets
   (You found it in the Desolation of Salt)

   Spells                             Type                      Level
   a - Summon Lightning Spire         Summoning/Air                4
   b - Silence                        Hexes/Air                    5
   c - Death Channel                  Necromancy                   6
 A - a book of Clouds

   Spells                             Type                      Level
   a - Mephitic Cloud                 Conjuration/Poison/Air       3
   b - Conjure Flame                  Conjuration/Fire             3
   c - Poisonous Cloud                Conjuration/Poison/Air       6
   d - Freezing Cloud                 Conjuration/Ice/Air          6
   e - Ring of Flames                 Charms/Fire                  7
 L - the Reference Book on Damaging Feathers
   (You found it in the Desolation of Salt)

   Spells                             Type                      Level
   a - Throw Frost                    Conjuration/Ice              2
   b - Throw Flame                    Conjuration/Fire             2
   c - Stone Arrow                    Conjuration/Earth            3
   d - Mephitic Cloud                 Conjuration/Poison/Air       3
   e - Poisonous Cloud                Conjuration/Poison/Air       6
 O - the Catalogue of Conjuration and Orientation
   (You found it in the Desolation of Salt)

   Spells                             Type                      Level
   a - Flame Tongue                   Conjuration/Fire             1
   b - Searing Ray                    Conjuration                  2
   c - Dazzling Spray                 Conjuration/Hexes            3
   d - Force Lance                    Conjuration/Translocation    4
   e - Venom Bolt                     Conjuration/Poison           5
 Q - a book of the Tempests

   Spells                             Type                      Level
   a - Static Discharge               Conjuration/Air              3
   b - Lightning Bolt                 Conjuration/Air              5
   c - Fireball                       Conjuration/Fire             5
   d - Tornado                        Air                          9
   e - Shatter                        Earth                        9
 S - the Compendium of Freezing Confrontation
   (You found it in the Desolation of Salt)

   Spells                             Type                      Level
   a - Sticky Flame                   Conjuration/Fire             4
   b - Throw Icicle                   Conjuration/Ice              4
   c - Metabolic Englaciation         Hexes/Ice                    5
   d - Freezing Cloud                 Conjuration/Ice/Air          6
 Z - the Volume of Cankerous Confrontation
   (You found it in the Desolation of Salt)

   Spells                             Type                      Level
   a - Flame Tongue                   Conjuration/Fire             1
   b - Stone Arrow                    Conjuration/Earth            3
   c - Mephitic Cloud                 Conjuration/Poison/Air       3
   d - Sticky Flame                   Conjuration/Fire             4
   e - Iron Shot                      Conjuration/Earth            6
Miscellaneous
 P - a box of beasts
 X - a lamp of fire
Comestibles
 h - a bread ration


   Skills:
 - Level 7.0(12.0) Fighting
 - Level 8.2(13.2) Long Blades
 - Level 5.0(10.0) Armour
 - Level 9.2(14.2) Dodging
 - Level 9.4(14.4) Stealth
 - Level 10.0(15.0) Shields
 - Level 9.2 Spellcasting
 - Level 10.0 Conjurations
   Level 1.0 Summonings
 - Level 7.0 Translocations
 + Level 8.5 Ice Magic
 + Level 8.5 Air Magic
 - Level 6.0 Earth Magic
 - Level 8.1 Poison Magic
 - Level 5.0 Invocations
 - Level 2.0 Evocations


You had 12 spell levels left.
You knew the following spells:

 Your Spells              Type           Power        Failure   Level  Hunger
a - Magic Dart            Conj           ####         1%          1    None
b - Blink                 Tloc           N/A          1%          2    None
c - Passage of Golubria   Tloc           N/A          3%          4    None
d - Mephitic Cloud        Conj/Pois/Air  ######..     1%          3    None
e - Freezing Cloud        Conj/Ice/Air   ######....   21%         6    #####..
s - Stone Arrow           Conj/Erth      ######       1%          3    None
z - Repel Missiles        Chrm/Air       #####.       1%          2    None


Dungeon Overview and Level Annotations

Branches:
Dungeon (11/15)            Temple (1/1) D:6            Lair (6/6) D:11
 Shoals (0/4) Lair:4        Snake (0/4) Lair:3        Slime (0/5) Lair:6
    Orc (2/2) D:10            Elf (2/3) Orc:2

Altars:
Cheibriados
Dithmenos
Elyvilon
Fedhas
Gozag
Hepliaklqana
Kikubaaqudgha
Makhleb
Nemelex Xobeh
Okawaru
Qazlal
Ru
Sif Muna
Trog
Uskayaw
Vehumet
Xom
Yredelemnul
Zin
The Shining One
Jiyva

Shops:
D:6 %*%%   D:7 (   D:10 ([   D:11 *   Orc:1 }   Orc:2 }[*(=   Elf:1 :[

Annotations:
Lair:1 Gastronok


Innate Abilities, Weirdness & Mutations

You cannot wear boots.
Your serpentine skin is tough. (AC +5)
You have supernaturally acute eyesight. (SInv)
Armour fits poorly on your strangely shaped body.
Your system is resistant to poisons. (rPois)
You cover ground very slowly.
You have a slow metabolism.
You can exhale a cloud of poison.
You can use your snake-like lower body to constrict enemies.
You are resistant to hostile enchantments. (MR+)


Message History

The crystal guardian fires a crystalline bolt at you.
The crystal bolt burns you!
* * * LOW HITPOINT WARNING * * *
The crystal bolt misses you.
You are too injured to fight recklessly!
You feel better.
You constrict the crystal guardian.
You block the crystal guardian's attack.
You feel agile all of a sudden.
You constrict the crystal guardian, but do no damage.
The crystal guardian hits you.
* * * LOW HITPOINT WARNING * * *
You hit the crystal guardian.
The crystal guardian is severely damaged.
You constrict the crystal guardian.
You hit the crystal guardian but do no damage.
The crystal guardian is severely damaged.
You constrict the crystal guardian.
The crystal guardian fires a crystalline bolt at you.
The crystal bolt misses you. The crystal bolt freezes you!
You die...

###...............#..............
###..............................
###..........................#...
###...#.....................##...
###..............................
###.)##..........................
###............##................
###............................=.
###.............@.............∩)∩
###.^....§§§....8.........)..).).
###......§.§.....................
###......§§§.....................
###......§§§.....)....)..........
###.ppp..§§.§..............[.....
###......§§......................
###......§§......................
###...........#..................


You could see a crystal guardian.

Vanquished Creatures
  A deep elf sorcerer (Elf:1)
  2 imperial myrmidons (Desolation)
  An orc warlord (Orc:2)
  A stone giant (Orc:2)
  A deep elf demonologist (Elf:1)
  A halazid warlock (Desolation)
  4 ragged hierophants (Desolation)
  2 crystal guardians (Desolation)
  2 deep elf death magi (Elf:1)
  Snorg (Lair:6)
  6 servants of whispers (Desolation)
  10 hydras
  A centaur warrior (D:11)
  Erica (Lair:1)
  7 peacekeepers (Desolation)
  7 dancing weapons
  A death yak (Lair:4)
  6 orc high priests (Orc:2)
  Sonja (D:11)
  6 deep elf knights (Elf:1)
  4 hill giants
  5 deep elf archers (Elf:1)
  A lindwurm (Lair:4)
  5 orc knights
  2 ironbrand convokers (Desolation)
  22 deep elf magi
  A griffon (Lair:6)
  An oklob plant (Lair:5)
  2 ugly things (D:11)
  3 orc sorcerers (Orc:2)
  6 elephants
  3 guardian serpents
  A molten gargoyle (Desolation)
  8 black mambas
  A torpor snail (Lair:3)
  22 spiny frogs
  Psyche (D:11)
  6 rime drakes
  7 komodo dragons
  5 polar bears
  5 trolls
  50 saltlings
  2 dream sheep (D:11)
  A shadow (D:11)
  A vampire (D:11)
  2 water elementals
  2 wraiths
  2 wyverns
  10 spriggans (Lair:6)
  A fire elemental (Elf:1)
  2 air elementals (Elf:1)
  3 basilisks
  25 yaks
  4 hippogriffs
  A mottled dragon (D:11)
  4 wargs
  20 water moccasins
  7 porcupines
  41 orc warriors
  An ice beast (D:11)
  3 sky beasts (D:9)
  5 wasps
  A phantom (D:11)
  4 black bears
  13 ogres
  A necrophage (D:11)
  29 wolves
  4 boggarts (Lair:6)
  2 centaurs
  19 crocodiles
  5 big kobolds (D:11)
  12 giant frogs
  2 gnoll sergeants
  3 water moccasin zombies
  A wyvern skeleton (D:11)
  8 scorpions
  14 killer bees
  5 howler monkeys
  5 wights
  An electric eel (D:11)
  4 crimson imps
  A centaur zombie (D:7)
  A giant frog zombie (D:8)
  A quasit (D:9)
  15 hounds
  2 giant frog skeletons
  2 centaur skeletons
  2 jellies
  26 orc priests
  33 orc wizards
  7 iguanas
  7 worker ants
  A killer bee zombie (D:5)
  2 hound zombies (D:5)
  A hound skeleton (D:7)
  A mummy (D:4)
  3 worker ant zombies (D:5)
  16 adders
  12 gnolls
  49 river rats
  A shadow imp (D:8)
  9 oozes
  2 adder skeletons
  4 adder zombies
  5 worms
  2 dart slugs (D:2)
  12 giant geckos
  127 orcs
  7 giant cockroaches
  5 goblins
  7 hobgoblins
  16 jackals
  4 quokkas
  2 ball pythons
  13 bats
  2 frilled lizards
  A giant cockroach zombie (D:5)
  A giant gecko skeleton (D:4)
  A hobgoblin skeleton (Ossuary)
  3 hobgoblin zombies (Ossuary)
  A jackal skeleton (D:5)
  A jackal zombie (D:5)
  18 kobolds
  4 kobold zombies (Ossuary)
  An orc zombie (Ossuary)
  A quokka skeleton (D:6)
  14 rats
939 creatures vanquished.

Vanquished Creatures (others)
  A deep elf mage (Elf:1)
  5 dream sheep (Lair:3)
  A giant frog (D:10)
  8 fungi
  14 plants
29 creatures vanquished.

Grand Total: 968 creatures vanquished

Notes
Turn   | Place    | Note
-------+----------+-------------------------------------------
     0 | D:1      | GameOver the Naga Wizard began the quest for the Orb.
     0 | D:1      | Reached XP level 1. HP: 15/15 MP: 4/4
     1 | D:1      | Found a runed door.
   275 | D:1      | Reached XP level 2. HP: 22/22 MP: 6/6
   413 | D:1      | Reached XP level 3. HP: 24/28 MP: 2/7
   417 | D:1      | Learned a level 2 spell: Repel Missiles
   420 | D:1      | Learned a level 2 spell: Blink
   424 | D:1      | Learned a level 3 spell: Mephitic Cloud
   913 | D:2      | Reached skill level 1 in Poison Magic
  1008 | D:2      | Reached skill level 1 in Air Magic
  1008 | D:2      | Reached XP level 4. HP: 35/36 MP: 2/8
  1138 | D:2      | Found a sacrificial altar of Ru.
  1649 | D:1      | HP: 1/36 [ooze (4)]
  1656 | D:2      | Reached XP level 5. HP: 6/42 MP: 2/9
  2095 | D:3      | Reached XP level 6. HP: 41/49 MP: 9/10
  2487 | D:3      | Found a faded altar of an unknown god.
  2533 | D:3      | Found a burning altar of Makhleb.
  2745 | D:4      | Found a sand-covered staircase.
  2834 | Ossuary  | Entered an ossuary
  2941 | Ossuary  | Noticed a wraith
  2941 | Ossuary  | Noticed a flying skull
  2952 | Ossuary  | Noticed a wraith
  2998 | Ossuary  | Noticed a flying skull
  3005 | Ossuary  | Killed a wraith
  3005 | Ossuary  | Reached XP level 7. HP: 10/55 MP: 7/11
  3053 | Ossuary  | Noticed a flying skull
  3252 | Ossuary  | Noticed a wraith
  3416 | D:4      | Reached skill level 5 in Conjurations
  3714 | D:4      | Found a radiant altar of Vehumet.
  3874 | D:5      | Entered Level 5 of the Dungeon
  4091 | D:5      | Reached skill level 5 in Air Magic
  4156 | D:5      | Reached XP level 8. HP: 48/62 MP: 12/12
  4528 | D:5      | Found a hide-covered altar of Uskayaw.
  4535 | D:5      | Found an ancient bone altar of Kikubaaqudgha.
  4539 | D:5      | Found a basalt altar of Yredelemnul.
  4857 | D:6      | Found Oxtot's Assorted Antiques.
  4871 | D:6      | Reached skill level 5 in Poison Magic
  4879 | D:6      | Bought a glowing marble ring for 120 gold pieces
  4879 | D:6      | Bought a scroll labeled ASSOMOU XOHYFF for 24 gold pieces
  4879 | D:6      | Bought a scroll labeled JUIRYDD NIODE for 24 gold pieces
  4984 | D:6      | Found Epliang's Food Emporium.
  4989 | D:6      | Found Fiuwnapp's Food Shoppe.
  5029 | D:6      | Found Manuah's Food Shoppe.
  5115 | D:6      | Found a staircase to the Ecumenical Temple.
  5126 | D:6      | Reached skill level 5 in Spellcasting
  5138 | Temple   | Entered the Ecumenical Temple
  5344 | Temple   | Became a worshipper of Warmaster Okawaru
  5847 | D:6      | Reached XP level 9. HP: 66/68 MP: 17/17
  6105 | D:7      | Found Bodghyplo's Antique Weapon Boutique.
  6748 | D:8      | Found a bloodstained altar of Trog.
  6777 | D:8      | Reached * piety under Okawaru
  6956 | D:8      | Learned a level 3 spell: Stone Arrow
  6993 | D:8      | Gained mutation: You are resistant to hostile enchantments. (MR+) [potion of mutation]
  6993 | D:8      | Gained mutation: You can exhale a cloud of poison. [potion of mutation]
  7206 | D:8      | Found an opulent altar of Gozag.
  7300 | D:8      | Reached skill level 1 in Earth Magic
  7804 | D:8      | Reached ** piety under Okawaru
  7804 | D:8      | Reached XP level 10. HP: 29/75 MP: 15/20
  7894 | D:9      | Found a stormy altar of Qazlal.
  7896 | D:9      | Found a blossoming altar of Fedhas.
  7968 | D:9      | Reached skill level 5 in Stealth
  8025 | D:9      | Found a white marble altar of Elyvilon.
  8156 | D:9      | Reached *** piety under Okawaru
  8748 | D:10     | Entered Level 10 of the Dungeon
  8754 | D:10     | Noticed a hill giant
  8798 | D:9      | Killed a hill giant
  8968 | D:10     | Noticed a hill giant
  8987 | D:10     | Killed a hill giant
  8987 | D:10     | Received a gift from Okawaru
  8987 | D:10     | Reached **** piety under Okawaru
  8987 | D:10     | Reached skill level 5 in Earth Magic
  9215 | D:10     | Found Cauhun's Antique Armour Boutique.
  9593 | D:10     | Reached XP level 11. HP: 76/81 MP: 23/23
  9784 | D:10     | Reached skill level 1 in Armour
  9799 | D:10     | Found a staircase to the Orcish Mines.
  9799 | D:10     | Found Fiubbu's Weapon Shoppe.
  9854 | D:10     | Noticed a hill giant
  9940 | D:10     | Killed a hill giant
 10216 | D:11     | Found Senla's Assorted Antiques.
 10263 | D:11     | Reached ***** piety under Okawaru
 10287 | D:11     | Noticed Sonja
 10304 | D:11     | Noticed a green ugly thing
 10316 | D:11     | Killed a green ugly thing
 10373 | D:11     | Noticed a six-headed hydra
 10399 | D:11     | Noticed a skeletal warrior
 10408 | D:11     | Noticed Psyche
 10410 | D:11     | Killed Psyche
 10627 | D:11     | Found a staircase to the Lair.
 10646 | D:11     | Killed Sonja
 10714 | D:11     | Noticed a hill giant
 10729 | D:11     | Killed a hill giant
 10729 | D:11     | Received a gift from Okawaru
 10749 | D:11     | Reached skill level 5 in Armour
 10917 | D:11     | Noticed a centaur warrior
 10934 | D:11     | Killed a centaur warrior
 10934 | D:11     | Reached skill level 5 in Dodging
 11016 | D:11     | Reached XP level 12. HP: 76/88 MP: 22/24
 11041 | D:11     | Noticed a three-headed hydra
 11052 | D:11     | Killed a three-headed hydra
 11208 | D:11     | Killed a six-headed hydra
 11208 | D:11     | Reached ****** piety under Okawaru
 11208 | D:11     | Received a gift from Okawaru
 11509 | Lair:1   | Entered Level 1 of the Lair of Beasts
 11700 | Lair:1   | Reached skill level 1 in Shields
 11910 | Lair:1   | Noticed Erica
 11956 | Lair:1   | Noticed Gastronok
 11996 | Lair:1   | Killed Erica
 12244 | D:6      | Bought a scroll of remove curse for 72 gold pieces
 12312 | D:7      | Bought a bloodstained falchion for 184 gold pieces
 12312 | D:7      | Identified the +3 falchion of Conscience {flame, rElec rC+ MR- Str+2} (You bought it in a shop on level 7 of the Dungeon)
 12669 | Lair:2   | Learned a level 4 spell: Passage of Golubria
 13352 | Lair:1   | Reached skill level 5 in Translocations
 13477 | Lair:3   | Gained mutation: You can use your snake-like lower body to constrict enemies. [Naga growth]
 13477 | Lair:3   | Reached XP level 13. HP: 69/94 MP: 23/25
 13509 | Lair:3   | Received a gift from Okawaru
 13657 | Lair:3   | Found a staircase to the Snake Pit.
 13834 | Lair:3   | Reached skill level 5 in Shields
 13968 | Lair:3   | Found a shimmering altar of Xom.
 14046 | Lair:3   | Noticed an ice dragon
 14157 | Lair:3   | Got a translucent scale mail
 14387 | Lair:4   | Reached skill level 1 in Fighting
 14618 | Lair:4   | Found a staircase to the Shoals.
 14690 | Lair:4   | Reached skill level 1 in Evocations
 15466 | Lair:5   | Identified the +5 scale mail of the Spheres {rN+ Dex+2} (You found it on level 3 of the Lair of Beasts)
 15569 | Lair:5   | Found a white marble altar of Elyvilon.
 15614 | Lair:5   | Received a gift from Okawaru
 15615 | Lair:5   | Got a jewelled arbalest {god gift}
 16121 | Lair:6   | Entered Level 6 of the Lair of Beasts
 16128 | Lair:6   | Received a gift from Okawaru
 16146 | Lair:6   | Found a staircase to the Slime Pits.
 16146 | Lair:6   | Found a viscous altar of Jiyva.
 16169 | Lair:6   | Reached XP level 14. HP: 111/111 MP: 14/27
 16299 | Lair:6   | Received a gift from Okawaru
 16627 | Lair:6   | Noticed Snorg
 16636 | Lair:6   | Killed Snorg
 17462 | Lair:6   | Received a gift from Okawaru
 17462 | Lair:6   | Reached skill level 10 in Shields
 17914 | Lair:2   | Identified the +9 arbalest of Tenacity {elec, rF- rN+++ Str-3 Dex+8} (Okawaru gifted it to you on level 5 of the Lair of Beasts)
 17995 | Orc:1    | Entered Level 1 of the Orcish Mines
 18201 | Orc:1    | Reached skill level 1 in Long Blades
 18567 | Orc:2    | Entered Level 2 of the Orcish Mines
 18611 | Orc:2    | Found a staircase to the Elven Halls.
 18887 | Orc:1    | Found Meschav's Quality Used Wands.
 19211 | Orc:2    | Reached skill level 1 in Invocations
 19311 | Orc:2    | Found Gonezop's Gadget Shop.
 19431 | Orc:2    | Noticed an orc warlord
 19472 | Orc:2    | Killed an orc warlord
 19476 | Orc:2    | Reached XP level 15. HP: 86/122 MP: 10/28
 19537 | Orc:2    | Reached skill level 5 in Fighting
 19581 | Orc:2    | Found Juwev's Antique Armour Shoppe.
 19581 | Orc:2    | Found Voeg Feu's Antique Weapon Shoppe.
 19695 | Orc:2    | Reached skill level 5 in Long Blades
 20114 | Orc:2    | Found Bulizukast's General Store.
 20115 | Orc:2    | Found Dyilasch's Jewellery Emporium.
 20144 | Orc:2    | Bought a shiny large shield for 130 gold pieces
 20307 | Elf:1    | Entered Level 1 of the Elven Halls
 20330 | Elf:1    | Received a gift from Okawaru
 20503 | Elf:1    | Reached skill level 5 in Invocations
 20755 | Elf:1    | Found Guimm's Antique Armour Shoppe.
 20759 | Elf:1    | Found Yggass's Book Shoppe.
 20846 | Elf:1    | Bought a book of Clouds for 630 gold pieces
 20853 | Elf:1    | Learned a level 6 spell: Freezing Cloud
 20880 | Elf:1    | Noticed an Ice Fiend
 20895 | Elf:1    | Noticed a Hell Sentinel
 21111 | Elf:1    | Reached skill level 1 in Ice Magic
 21127 | Elf:1    | Noticed a deep elf sorcerer
 21166 | Elf:1    | Killed a deep elf sorcerer
 21685 | Elf:2    | Found a ruined gateway.
 21727 | Elf:2    | Received a gift from Okawaru
 21727 | Elf:2    | Reached XP level 16. HP: 39/138 MP: 4/29
 21863 | Desolati | Entered the Desolation of Salt
 22039 | Desolati | Reached skill level 5 in Ice Magic
 22195 | Desolati | Reached skill level 10 in Conjurations
 22742 | Desolati | Got a scorched arbalest
 22987 | Desolati | Got a slimy lajatang {slice}
 23044 | Desolati | Got a sparkling amethyst amulet
 23303 | Desolati | Received a gift from Okawaru
 23369 | Desolati | Identified the Catalogue of Conjuration and Orientation
 23375 | Desolati | Identified the Compendium of Freezing Confrontation
 23438 | Desolati | Got a polished leather armour
 23460 | Desolati | Identified the Volume of Cankerous Confrontation
 23484 | Desolati | Identified the amulet of Vaigh {Gourm rN+ MR+ Slay-2} (You took it off an imperial myrmidon in the Desolation of Salt)
 23496 | Desolati | Identified the +1 arbalest "Starlight" {flame, rElec} (You took it off a ragged hierophant in the Desolation of Salt)
 23498 | Desolati | Identified the +7 lajatang of Wistith {slice, *Contam +Fly rC+ Str+9} (You took it off a servant of whispers in the Desolation of Salt)
 23648 | Desolati | Identified Wohe Zam's Disquisition on Weightlessness and Black Secrets
 23675 | Desolati | Identified the Reference Book on Damaging Feathers
 23784 | Desolati | Killed from afar by a crystal guardian

Vault maps used:
D:1:      dpeg_arrival_caged_fury
D:2:      lemuel_coloured_pillars_altar
D:3:      old_standard_altar, first_bread, ecumenical_altar_1, minivault_26
D:4:      gup_ossuary_entry_pyramid, vehumet_altar_wand_db
D:5:      minmay_overflow_temple_star_quad, serial_undead, serial_undead_c,
          serial_undead_d, serial_undead_a, serial_undead_e, serial_undead_a,
          serial_undead_c, serial_undead_e, serial_undead_c
D:6:      nicolae_overflow_hidden_temple, serial_shops,
          nicolae_shop_statue_plus, shop, shop, nicolae_shop_stone
D:7:      serial_shops, shop
D:8:      nicolae_overflow_crystal_walls, lemuel_doored_altar
D:9:      grunt_temple_overflow_forces_of_nature, old_standard_altar
D:10:     orc_david_3, serial_shops, nicolae_shop_statue_plus
D:11:     erik_lair_island, serial_shops, shop, hangedman_ranch, kb_rosetta,
          uniq_sonja, uniq_psyche
Temple:   dpeg_chambers_temple
Lair:1:   lemuel_fruit_fields, uniq_erica, uniq_gastronok
Lair:2:   minivault_26, beast_lair_carwin_1, grunt_megastairs_3
Lair:3:   dragon1_lemuel, minmay_snake_entry_six_corridors,
          kb_xom_exploding_sheep, grunt_megastairs_5
Lair:4:   shoals_dummy_entry
Lair:5:   lemuel_oklob_altar
Lair:6:   minmay_lair_end_enchanted_forest, slime_altar_1, uniq_snorg
Orc:1:    nicolae_for_you_no_charge
Orc:2:    st_orc_congregation, serial_shops, shop
Elf:1:    minmay_elf_crystal_heptagon, minmay_shop_star
Elf:2:    portal_desolation_entry_salt, serial_shops, shop, uniq_agnes,
          uniq_azrael
Ossuary:  ossuary_due_cavern

Skill      XL: |  1  2  3  4  5  6  7  8  9 10 11 12 13 14 15 16 |
---------------+-------------------------------------------------+-----
Conjurations   | 2 3 4 5 7 8 9 10 | 10.0
Poison Magic   | 1 2 4 6 8 |  8.1
Air Magic      | 1 2 3 5 8 |  8.5
Translocations | 3 4 5 7 |  7.0
Spellcasting   | 5 6 8 9 |  9.2
Earth Magic    | 2 5 6 |  6.0
Stealth        | 4 6 8 9 |  9.4
Armour         | 5 |  5.0
Dodging        | 5 8 9 |  9.2
Shields        | 4 6 10 | 10.0
Fighting       | 3 4 7 |  7.0
Evocations     | 2 |  2.0
Long Blades    | 4 8 |  8.2
Invocations    | 2 5 |  5.0
Ice Magic      | 4 8 |  8.5
Summonings     | |  1.0

Action                   |  1- 3 |  4- 6 |  7- 9 | 10-12 | 13-15 | 16-18 || total
-------------------------+-------+-------+-------+-------+-------+-------++-------
Melee: Unarmed           |     4 |       |       |       |       |       ||     4
       Dagger            |     1 |       |       |       |     2 |       ||     3
       Morningstar       |     1 |   115 |   236 |    80 |       |       ||   432
       Trident           |       |       |       |   250 |   366 |       ||   616
       Constrict         |       |       |       |       |   175 |    72 ||   247
       Scimitar          |       |       |       |       |   427 |   364 ||   791
       Demon blade       |       |       |       |       |       |    62 ||    62
Throw: Throwing net      |       |       |       |       |     1 |       ||     1
 Cast: Magic Dart        |    45 |   118 |   203 |    77 |   106 |    17 ||   566
       Repel Missiles    |     1 |       |     1 |       |     1 |     4 ||     7
       Mephitic Cloud    |       |     3 |    28 |    41 |    37 |    11 ||   120
       Blink             |       |     8 |     7 |    25 |    38 |     7 ||    85
       Stone Arrow       |       |       |     2 |   167 |   404 |    92 ||   665
       Passage of Golubr |       |       |       |       |     5 |     1 ||     6
Invok: Heroism           |       |       |       |       |     3 |    15 ||    18
       Finesse           |       |       |       |       |       |     6 ||     6
 Abil: Spit Poison       |    25 |    52 |    69 |       |       |       ||   146
       Breathe Poison Ga |       |       |    10 |    50 |    86 |    11 ||   157
Evoke: Wand              |       |       |     1 |       |       |     1 ||     2
  Use: Potion            |       |     9 |     1 |       |     2 |    12 ||    24
       Scroll            |       |       |    13 |     9 |     6 |     6 ||    34
 Stab: Sleeping          |       |     1 |     1 |     4 |     7 |     1 ||    14
       Confused          |       |       |     8 |    10 |    24 |     4 ||    46
       Distracted        |       |       |       |       |     2 |       ||     2
  Eat: Chunk             |     1 |     9 |    16 |    23 |    38 |       ||    87
       Fruit             |       |       |     7 |     3 |       |       ||    10
       Pizza             |       |       |       |       |     1 |     1 ||     2
       Bread ration      |       |       |       |       |       |     2 ||     2
Armor: Robe              |     8 |    27 |       |       |       |       ||    35
       Leather armour    |       |    32 |   123 |    54 |       |       ||   209
       Skin              |       |    26 |       |       |       |       ||    26
       Troll leather arm |       |       |       |   116 |   309 |   147 ||   572
Dodge: Dodged            |    24 |    89 |   155 |   167 |   297 |   185 ||   917
       Deflected         |     1 |       |       |     6 |    17 |     5 ||    29
Block: Other             |       |     6 |    17 |     8 |       |       ||    31
       Buckler           |       |       |       |    31 |    58 |       ||    89
       Shield            |       |       |       |       |   291 |       ||   291
       Reflection        |       |       |       |       |    33 |     1 ||    34
       Large shield      |       |       |       |       |   192 |   384 ||   576
